 Dungeon Sprint DCSS version 0.26.1-2-gb8aa6d0cf2 (webtiles) character file.

Game seed: 6603806819450651035

3373 Groucho the Unseen (level 9, 0/39 HPs)
             Began as a Spriggan Enchanter on Feb 18, 2021.
             Was a Follower of Uskayaw.
             Slain by a demonic crawler (11 damage)
             ... in the Dungeon (Sprint IV: "Fedhas' Mad Dash").
             The game lasted 00:07:06 (4392 turns).

Groucho the Unseen (Spriggan Enchanter)             Turns: 4392, Time: 00:07:07

Health: 0/39       AC:  2    Str:  7    XL:     9   Next: 74%
Magic:  20/25      EV: 29    Int: 17    God:    Uskayaw [*.....]
Gold:   197        SH:  0    Dex: 16    Spells: 17/30 levels left

rFire    . . .     SeeInvis +   a - +1 dagger
rCold    . . .     Faith    .   (shield restricted)
rNeg     . . .     Spirit   .   b - +0 robe
rPois    .         Reflect  .   (helmet restricted)
rElec    .         Harm     .   (no cloak)
rCorr    .         Rampage  .   (gloves unavailable)
Will     +....     NoTele   +   (boots unavailable)
Stlth    +++++++...             c - amulet of invisibility {+Inv}
HPRegen  0.13/turn              (no ring)
MPRegen  0.19/turn              (no ring)

@: confusing touch, very slightly contaminated, very quick
A: very small, unfitting armour, see invisible, speed 3
a: Renounce Religion, Evoke Invisibility, Stomp


You were in the Dungeon.
You worshipped Uskayaw.
Uskayaw was noncommittal.
You visited 1 branch You collected 197 gold pieces.

Inventory:

Hand Weapons
 a - a +1 dagger (weapon)
Armour
 b - a +0 robe (worn)
Jewellery
 c - the amulet of invisibility (around neck) {+Inv}
   (You found it in the Dungeon)

   [amulet of nothing]

   It lets you turn invisible.
Scrolls
 h - a scroll of enchant armour {unknown}
 i - a scroll of blinking
 j - a scroll of enchant weapon {unknown}
 k - a scroll of random uselessness {unknown}
Potions
 d - a potion of curing
 f - a potion of haste
 g - 2 potions of magic


   Skills:
 - Level 10.0 Short Blades
 + Level 13.0 Dodging
 + Level 19.4 Stealth
 + Level 11.3 Spellcasting
 + Level 11.4 Hexes


You had 17 spell levels left.
You knew the following spells:

 Your Spells              Type           Power        Failure   Level
a - Corona                Hex            53%          1%          1
b - Ensorcelled Hibernat  Hex/Ice        58%          1%          2
c - Confusing Touch       Hex            48%          1%          3
d - Tukima's Dance        Hex            48%          1%          3
e - Dazzling Flash        Conj/Hex       58%          1%          3
f - Summon Small Mammal   Summ           36%          8%          1

Your spell library contained the following spells:

 Spells                   Type           Power        Failure   Level
 Animate Skeleton         Necr           18%          8%          1
 Apportation              Tloc           18%          8%          1


Dungeon Overview and Level Annotations

Branches:
Dungeon (1/1)

Altars:
Cheibriados
Dithmenos
Elyvilon
Gozag
Hepliaklqana
Kikubaaqudgha
Makhleb
Nemelex Xobeh
Okawaru
Qazlal
Ru
Sif Muna
Trog
Uskayaw
Vehumet
Wu Jian
Xom
Yredelemnul
Zin
The Shining One
Beogh
Jiyva
Lugonu

Annotations:
D exclusion: oklob plant, Agnes


Innate Abilities, Weirdness & Mutations

You are very small and have problems with some larger weapons.
You are too small for most types of armour.
You have supernaturally acute eyesight. (SInv)
You cover ground extremely quickly.


Message History

You hit the demonic crawler but do no damage.
The demonic crawler is lightly wounded.
The demonic crawler misses you. The demonic crawler hits you.
The demonic crawler completely misses you.
You hit the demonic crawler but do no damage.
The demonic crawler is lightly wounded.
The demonic crawler completely misses you. x3
You hit the demonic crawler but do no damage.
The demonic crawler is lightly wounded.
You hit the demonic crawler but do no damage.
The demonic crawler is lightly wounded.
The demonic crawler barely misses you.
The demonic crawler hits you but does no damage.
The demonic crawler completely misses you.
You hit the demonic crawler but do no damage.
The demonic crawler completely misses you.
The demonic crawler hits you.
* * * LOW HITPOINT WARNING * * *
The demonic crawler hits you!
You die...

################
_._._.⌠.#.['...#
._._._.)'..#...#
_._._...#..###+#
._._._..#.|#
_._._.⌠.############
#############..s@.(#
..♣.###.'.('.....[['.+
♣..♣##..#..#.P.....###
.♣).###.##+##.P....#
...♣'...#♣.♣########
#########... ♣.. ....
♣.i.


You could see a demonic crawler.

Vanquished Creatures
  A spriggan druid (D)
  5 oklob plants (D)
  A queen bee (D)
  A wandering mushroom (D)
  2 burning bushes (D)
  A scorpion (D)
  4 killer bees (D)
  5 oklob saplings (D)
  A worker ant (D)
  2 spriggans (D)
  A river rat (D)
  A rat (D)
25 creatures vanquished.

Vanquished Creatures (others)
  A ballistomycete spore (D)
  A fungus (D)
2 creatures vanquished.

Grand Total: 27 creatures vanquished

Notes
Turn   | Place    | Note
-------+----------+-------------------------------------------
     0 | D        | Groucho the Spriggan Enchanter began the quest for the Orb.
     0 | D        | Reached XP level 1. HP: 9/9 MP: 5/5
    10 | D        | Reached skill level 7 in Stealth
    10 | D        | Reached XP level 2. HP: 13/13 MP: 6/6
    12 | D        | Reached skill level 8 in Stealth
    14 | D        | Noticed an oklob sapling
    15 | D        | Killed an oklob sapling
    16 | D        | Reached skill level 10 in Stealth
    16 | D        | Reached XP level 3. HP: 16/16 MP: 8/8
    18 | D        | Found the amulet of invisibility {+Inv}
    20 | D        | Reached skill level 12 in Stealth
    44 | D        | Found an opulent altar of Gozag.
    44 | D        | Found a hazy altar of Hepliaklqana.
    44 | D        | Found a roughly hewn altar of Beogh.
    44 | D        | Found a snail-covered altar of Cheibriados.
    45 | D        | Found a viscous altar of Jiyva.
    45 | D        | Found a burning altar of Makhleb.
    45 | D        | Found a sparkling altar of Nemelex Xobeh.
    45 | D        | Found a sacrificial altar of Ru.
    45 | D        | Found a shimmering blue altar of Sif Muna.
    45 | D        | Found a bloodstained altar of Trog.
    45 | D        | Found an ornate altar of the Wu Jian Council.
    45 | D        | Found a shimmering altar of Xom.
    45 | D        | Found a basalt altar of Yredelemnul.
    45 | D        | Noticed an oklob sapling priest
    46 | D        | Found an iron altar of Okawaru.
    46 | D        | Found a shadowy altar of Dithmenos.
    46 | D        | Found a glowing silver altar of Zin.
    47 | D        | Found an ancient bone altar of Kikubaaqudgha.
    47 | D        | Found a hide-covered altar of Uskayaw.
    48 | D        | Found a stormy altar of Qazlal.
    48 | D        | Found a glowing golden altar of the Shining One.
    48 | D        | Found a white marble altar of Elyvilon.
    50 | D        | Found a radiant altar of Vehumet.
    50 | D        | Found a corrupted altar of Lugonu.
    61 | D        | Killed an oklob sapling priest
    62 | D        | Reached skill level 14 in Stealth
    62 | D        | Reached XP level 4. HP: 21/21 MP: 7/9
    65 | D        | Became a worshipper of Uskayaw the Reveller
   195 | D        | Reached * piety under Uskayaw
   196 | D        | Reached skill level 15 in Stealth
   196 | D        | Reached XP level 5. HP: 24/24 MP: 7/10
   206 | D        | Reached ** piety under Uskayaw
   209 | D        | Reached *** piety under Uskayaw
   210 | D        | Reached **** piety under Uskayaw
   211 | D        | Reached skill level 5 in Dodging
   211 | D        | Reached skill level 5 in Hexes
   785 | D        | Noticed a queen bee
  1243 | D        | Learned a level 2 spell: Ensorcelled Hibernation
  1247 | D        | Learned a level 3 spell: Confusing Touch
  1251 | D        | Learned a level 3 spell: Tukima's Dance
  1255 | D        | Learned a level 3 spell: Dazzling Flash
  1587 | D        | Reached skill level 16 in Stealth
  1587 | D        | Reached skill level 5 in Spellcasting
  1587 | D        | Reached XP level 6. HP: 28/28 MP: 5/14
  1595 | D        | Reached skill level 5 in Short Blades
  1993 | D        | Killed a queen bee
  1994 | D        | Reached XP level 7. HP: 32/32 MP: 11/18
  2341 | D        | Noticed an oklob plant
  2976 | D        | Noticed a burning bush
  2979 | D        | Killed a burning bush
  2980 | D        | Reached skill level 17 in Stealth
  3304 | D        | Noticed a burning bush
  3304 | D        | Noticed an oklob plant
  3305 | D        | Noticed a wandering mushroom
  3306 | D        | Killed a burning bush
  3307 | D        | Reached XP level 8. HP: 36/36 MP: 18/21
  3311 | D        | Killed an oklob plant
  3312 | D        | Reached skill level 10 in Dodging
  3312 | D        | Reached skill level 18 in Stealth
  3315 | D        | Killed a wandering mushroom
  3332 | D        | Noticed a spriggan druid
  3333 | D        | Killed a spriggan druid
  3334 | D        | Reached skill level 10 in Spellcasting
  3334 | D        | Reached skill level 10 in Hexes
  3334 | D        | Reached XP level 9. HP: 39/39 MP: 21/24
  3350 | D        | Noticed an oklob plant conjurer
  3581 | D        | Killed an oklob plant conjurer
  3590 | D        | Learned a level 1 spell: Summon Small Mammal
  4332 | D        | Noticed Agnes
  4343 | D        | Noticed an oklob plant
  4344 | D        | Noticed an oklob plant shifter
  4344 | D        | Noticed an oklob plant summoner
  4348 | D        | Killed an oklob plant
  4349 | D        | Reached skill level 19 in Stealth
  4350 | D        | Killed an oklob plant summoner
  4353 | D        | Killed an oklob plant shifter
  4354 | D        | Reached skill level 10 in Short Blades
  4358 | D        | Noticed a demonic crawler
  4392 | D        | Slain by a demonic crawler

Illustrated notes

Levels and vault maps discovered:
D:        dungeon_sprint_fedhas [sprint_temple]

Skill      XL: |  1  2  3  4  5  6  7  8  9 |
---------------+----------------------------+-----
Stealth        | 7 10 14 15 16 17 18 19 | 19.4
Spellcasting   | 5 7 8 10 11 | 11.3
Hexes          | 5 7 8 10 11 | 11.4
Short Blades   | 3 6 7 9 10 | 10.0
Dodging        | 5 8 9 11 13 | 13.0

Action                   |  1- 3 |  4- 6 |  7- 9 || total
-------------------------+-------+-------+-------++-------
Melee: Dagger            |    14 |    17 |    37 ||    68
 Cast: Ensorcelled Hiber |       |     5 |       ||     5
       Confusing Touch   |       |       |     2 ||     2
Invok: Line Pass         |       |       |     1 ||     1
 Abil: Evoke Invisibilit |     1 |     5 |     2 ||     8
  Use: Potion            |       |     1 |     1 ||     2
 Stab: Sleeping          |     4 |     5 |     9 ||    18
       Invisible         |     2 |     2 |       ||     4
       Paralysed         |       |     2 |       ||     2
       Confused          |       |       |     1 ||     1
Armor: Robe              |       |       |     2 ||     2
Dodge: Dodged            |       |     8 |    49 ||    57
